 Dungeon Crawl Stone Soup version 0.24.0-123-gd5b16e6ec5 (webtiles) character file.

Game seed: 15390406022807062941, levelgen mode: deterministic

42219 FluffierThanThou the Warrior (level 13, 0/127 HPs)
             Began as a Minotaur Fighter on Jan 16, 2020.
             Was the Champion of Okawaru.
             Killed from afar by a molten gargoyle (7 damage)
             ... with a bolt of magma
             ... in a volcano.
             The game lasted 00:40:11 (14251 turns).

FluffierThanThou the Warrior (Minotaur Fighter)    Turns: 14251, Time: 00:40:12

Health: 0/127      AC: 26    Str: 28    XL:     13   Next: 84%
Magic:  0/15       EV:  6    Int:  5    God:    Okawaru [******]
Gold:   1007       SH: 18    Dex: 11    Spells: 12/12 levels left

rFire    . . .     SeeInvis .   D - +8 mithril axe "Arga" {speed, MR+}
rCold    . . .     Gourm    .   c - +0 shield
rNeg     + . .     Faith    .   L - +0 crystal plate armour
rPois    .         Spirit   +   V - +1 hat
rElec    .         Reflect  +   R - scarf {Spirit}
rCorr    .         Harm     .   z - +2 pair of gloves {Str+3}
MR       +....                  (no boots)
Stlth    ..........             H - +4 amulet of reflection
HPRegen  0.31/turn              q - ring of positive energy
MPRegen  0.14/turn              (no ring)

@: studying Short Blades
A: retaliatory headbutt, horns 2
a: Heroism, Finesse, Renounce Religion


You were in a volcano.
You worshipped Okawaru.
Okawaru was exalted by your worship.
You were not hungry.

You visited 3 branches of the dungeon, and saw 17 of its levels.
You also visited: Volcano.

You collected 1007 gold pieces.

Inventory:

Hand Weapons
 D - the +8 mithril axe "Arga" (weapon) {speed, MR+}
   (Okawaru gifted it to you on level 11 of the Dungeon)

   Attacks with this weapon are significantly faster.
   It affects your resistance to hostile enchantments.
Armour
 c - a +0 shield (worn)
 m - a +0 pair of gloves
   (You found it on level 3 of the Dungeon)
 z - a +2 pair of gloves of strength (worn)
   (Okawaru gifted it to you on level 4 of the Lair of Beasts)
 L - a +0 crystal plate armour (worn)
   (You found it on level 11 of the Dungeon)
 R - a scarf of spirit shield (worn)
   (You found it on level 1 of the Lair of Beasts)
 V - a +1 hat (worn)
   (Okawaru gifted it to you on level 2 of the Lair of Beasts)
Jewellery
 q - a ring of positive energy (left hand)
   (You found it on level 10 of the Dungeon)
 H - a +4 amulet of reflection (around neck)
   (You found it on level 6 of the Dungeon)
Wands
 b - a wand of polymorph (15)
   (You found it on level 10 of the Dungeon)
 f - a wand of paralysis (16)
   (You found it on level 11 of the Dungeon)
 B - a wand of iceblast (26)
   (You found it on level 5 of the Dungeon)
 N - a wand of digging (4)
   (You took it off a gnoll sergeant on level 8 of the Dungeon)
 S - a wand of acid (15)
   (You found it on level 1 of the Lair of Beasts)
Scrolls
 g - 12 scrolls of teleportation {@r4}
 i - 11 scrolls of remove curse {@r2}
 l - 5 scrolls of magic mapping
 p - a scroll of blinking {unknown}
 r - 6 scrolls of fog {unknown}
 w - 2 scrolls of fear
 y - 5 scrolls of enchant weapon {unknown}
 A - 6 scrolls of enchant armour {unknown}
 E - 2 scrolls of noise {unknown}
 F - 4 scrolls of amnesia {unknown}
 G - 4 scrolls of immolation {unknown}
 J - a scroll of silence {unknown}
 P - a scroll of brand weapon {unknown}
Potions
 a - a potion of heal wounds {unknown}
 d - 2 potions of brilliance
 j - a potion of curing {@q1}
 n - 2 potions of berserk rage {unknown}
 o - a potion of haste {unknown}
 s - 2 potions of magic
 t - 2 potions of lignification {!q}
 u - 3 potions of ambrosia {unknown}
 v - 3 potions of degeneration {unknown}
 x - 7 potions of flight
 I - 2 potions of agility {unknown}
 K - a potion of cancellation {unknown}
 X - a potion of might
Books
 Z - a manual of Short Blades {!d}
   (You found it on level 3 of the Lair of Beasts)
Miscellaneous
 h - a phantom mirror
Comestibles
 e - 23 rations {!d}
 k - a chunk of flesh


   Skills:
 * Level 15.5 Fighting
 * Level 12.5 Axes
 * Level 12.8 Armour
 * Level 15.4 Shields
 + Level 4.4 Invocations


You had 12 spell levels left.
You didn't know any spells.
Your spell library contained the following spells:

 Spells                   Type           Power        Failure   Level  Hunger
 Animate Skeleton         Necr           N/A          100%        1    ##.....
 Apportation              Tloc           #.....       100%        1    ##.....
 Confusing Touch          Hex            #.....       100%        1    ##.....
 Corona                   Hex            #......      100%        1    ##.....
 Freeze                   Ice            #...         100%        1    ##.....
 Summon Butterflies       Summ           #.......     100%        1    ##.....
 Summon Small Mammal      Summ           #...         100%        1    ##.....
 Poisonous Vapours        Pois/Air       #.....       100%        2    ###....
 Slow                     Hex            #.......     100%        2    ###....
 Throw Frost              Conj/Ice       #.....       100%        2    ###....
 Call Canine Familiar     Summ           #.......     100%        3    ####...
 Conjure Flame            Conj/Fire      #.......     100%        3    ####...
 Inner Flame              Hex/Fire       #.......     100%        3    ####...
 Mephitic Cloud           Conj/Pois/Air  #.......     100%        3    ####...
 Ozocubu's Armour         Chrm/Ice       #.......     100%        3    ####...
 Portal Projectile        Hex/Tloc       #.....       100%        3    ####...
 Cause Fear               Hex            #.........   100%        4    #####..
 Leda's Liquefaction      Hex/Erth       #.........   100%        4    #####..
 Summon Ice Beast         Ice/Summ       #.......     100%        4    #####..
 Throw Icicle             Conj/Ice       #.......     100%        4    #####..
 Irradiate                Conj/Tmut      #.........   100%        5    ######.
 Summon Mana Viper        Hex/Summ       #.......     100%        5    ######.
 Freezing Cloud           Conj/Ice/Air   #.........   100%        6    #######
 Hydra Form               Tmut           #.........   100%        6    #######
 Statue Form              Tmut/Erth      #........    100%        6    #######
 Dragon Form              Tmut           #.........   100%        7    #######
 Ring of Flames           Chrm/Fire      #.........   100%        7    #######
 Summon Hydra             Summ           #.........   100%        7    #######


Dungeon Overview and Level Annotations

Branches:
Dungeon (12/15)            Temple (1/1) D:5            Lair (4/6) D:11
 Shoals (0/4) Lair:4        Snake (0/4) Lair:3          Orc (0/2) D:10
Volcano (1/1)

Altars:
Cheibriados
Gozag
Kikubaaqudgha
Makhleb
Nemelex Xobeh
Okawaru
Qazlal
Ru
Trog
Uskayaw
Xom
Zin


Innate Abilities, Weirdness & Mutations

You reflexively headbutt those who attack you in melee.
You have a pair of horns on your head.


Message History

The lindwurm breathes flames at you. The blast of flame hits you!
The lindwurm breathes flames at you. The blast of flame hits you!!
The lindwurm breathes flames at you. The blast of flame hits you.
The molten gargoyle hits you but does no damage.
The lindwurm breathes flames at you.
The blast of flame hits the molten gargoyle.
The molten gargoyle completely resists.
The blast of flame misses you.
The molten gargoyle blasts magma at you!
The bolt of magma hits you!!
You hit the molten gargoyle.
The molten gargoyle blasts magma at you!
The bolt of magma hits you but does no damage.
You slash the molten gargoyle! The lindwurm breathes flames at you.
The blast of flame hits you!!
* * * LOW HITPOINT WARNING * * *
You slash the molten gargoyle! You block the molten gargoyle's attack.
You slash the molten gargoyle!
You destroy the molten gargoyle!
Okawaru accepts your kill. The lindwurm breathes flames at you.
The blast of flame hits you!
* * * LOW HITPOINT WARNING * * *
The lindwurm breathes flames at you. The blast of flame hits you!
* * * LOW HITPOINT WARNING * * *
You open the door. The lindwurm breathes flames at you.
The blast of flame hits you!!!
* * * LOW HITPOINT WARNING * * *
A molten gargoyle and an earth elemental come into view.
There is an open door here.
You feel better.
You feel better.
The molten gargoyle hits you with a +0 mace!
* * * LOW HITPOINT WARNING * * *
You are engulfed in flames!
* * * LOW HITPOINT WARNING * * *
The earth elemental barely misses you.
You hit the molten gargoyle but do no damage.
You headbutt the molten gargoyle.
You hit the earth elemental but do no damage.
You hit the molten gargoyle.
You hit the earth elemental but do no damage.
The molten gargoyle blasts magma at you!
The bolt of magma hits you!
You die...

### ..##
...## ....#
...# ##..#
##E9# #.@#
#'####
##...###
#≈≈...###
#≈≈≈....##
#≈k≈≈≈§).#
##k.≈≈≈...#
#≈≈≈≈≈...##
#≈§....###


You could see an earth elemental and a molten gargoyle.

Vanquished Creatures
  A fire dragon (Lair:3)
  Harold (Lair:2)
  3 hydras
  Erica (D:10)
  3 death yaks (D:11)
  Nergalle (Lair:4)
  3 unseen horrors
  2 ugly things (D:12)
  2 deep elf magi (D:12)
  2 manticores
  A merfolk siren (Lair:4)
  A toenail golem (Volcano)
  Maurice (D:8)
  Psyche (D:10)
  7 spiny frogs
  A molten gargoyle (Volcano)
  2 rime drakes
  6 komodo dragons
  An efreet (D:10)
  A polar bear (Lair:4)
  3 trolls
  2 hornets (D:10)
  6 slime creatures
  A blink frog (shapeshifter) (D:10)
  16 blink frogs
  5 hippogriffs
  2 vampires
  5 wyverns
  Sigmund (D:2)
  A wraith (D:12)
  40 yaks
  Grum (D:8)
  3 basilisks
  2 hungry ghosts
  2 steam dragons (D:9)
  5 nagas (Lair:3)
  5 water moccasins
  11 porcupines
  5 ice beasts
  2 orc warriors
  2 black bears
  A hornet zombie (D:12)
  2 phantoms
  7 sky beasts
  7 centaurs
  An eye of draining (D:12)
  4 wolves
  4 ogres
  8 crocodiles
  2 big kobolds
  11 bullfrogs
  A gnoll sergeant (D:8)
  2 earth elementals (Volcano)
  4 scorpions
  21 wights
  9 killer bees
  A howler monkey (D:6)
  9 crimson imps
  7 bullfrog zombies
  10 hounds
  2 quasits
  3 centaur zombies
  10 orc wizards
  6 orc priests
  4 bullfrog skeletons
  5 jellies
  Crazy Yiuf (D:7)
  3 centaur skeletons
  Jessica (D:3)
  Natasha (thrice) (D:2)
  6 iguanas
  A hell rat (D:11)
  7 worker ants
  2 hound skeletons
  2 hound zombies
  A howler monkey zombie (D:5)
  2 howler monkey skeletons
  9 gnolls
  19 adders
  A river rat (D:11)
  4 shadow imps
  6 oozes
  An adder skeleton (D:9)
  An adder zombie (D:5)
  2 worms
  3 dart slugs
  6 leopard geckos
  39 orcs
  5 ball pythons
  3 giant cockroaches
  11 goblins
  8 hobgoblins
  18 jackals
  16 kobolds
  8 quokkas
  6 bats
  5 frilled lizards
  A leopard gecko zombie (D:2)
  5 rats
  A fungus (Lair:1)
  2 plants
511 creatures vanquished.

Vanquished Creatures (others)
  A centaur (D:12)
  2 fungi
  A plant (Lair:1)
4 creatures vanquished.

Grand Total: 515 creatures vanquished

Notes
Turn   | Place    | Note
-------+----------+-------------------------------------------
     0 | D:1      | FluffierThanThou the Minotaur Fighter began the quest for
                  | the Orb.
     0 | D:1      | Reached XP level 1. HP: 19/19 MP: 0/0
   138 | D:1      | Reached XP level 2. HP: 27/27 MP: 1/1
   586 | D:1      | Reached XP level 3. HP: 33/33 MP: 2/2
   865 | D:2      | Noticed Sigmund
   882 | D:2      | Killed Sigmund
   882 | D:2      | Reached skill level 5 in Fighting
   882 | D:2      | Reached skill level 5 in Shields
   882 | D:2      | Reached XP level 4. HP: 29/42 MP: 3/3
   882 | D:2      | Reached XP level 5. HP: 33/48 MP: 4/4
  1249 | D:2      | Noticed Natasha
  1254 | D:2      | Killed Natasha
  1305 | D:2      | Reached XP level 6. HP: 25/56 MP: 5/5
  1544 | D:2      | Noticed Natasha
  1552 | D:2      | Killed Natasha
  1635 | D:2      | Noticed Natasha
  1644 | D:2      | Killed Natasha
  2602 | D:3      | Noticed Jessica
  2604 | D:3      | Killed Jessica
  2709 | D:3      | Found a stormy altar of Qazlal.
  2764 | D:4      | Reached skill level 5 in Armour
  2781 | D:4      | Reached XP level 7. HP: 45/63 MP: 6/6
  2994 | D:4      | Found a bloodstained altar of Trog.
  3424 | D:5      | Entered Level 5 of the Dungeon
  3496 | D:5      | Reached skill level 5 in Axes
  3511 | D:5      | Noticed a hippogriff
  3750 | D:5      | Killed a hippogriff
  3750 | D:5      | Reached XP level 8. HP: 39/73 MP: 7/7
  3831 | D:5      | Found a staircase to the Ecumenical Temple.
  3969 | D:5      | Got a bloodstained robe
  4279 | D:5      | Found a glowing silver altar of Zin.
  5053 | D:7      | Reached XP level 9. HP: 82/83 MP: 8/8
  5104 | D:7      | Found a sacrificial altar of Ru.
  5441 | D:7      | Found a runed translucent door.
  5442 | D:7      | Noticed Crazy Yiuf
  5583 | D:7      | Killed Crazy Yiuf
  5619 | D:8      | Noticed Grum
  5862 | D:8      | Reached skill level 10 in Fighting
  5869 | D:8      | Killed Grum
  5869 | D:8      | Reached skill level 10 in Shields
  6203 | D:8      | Reached XP level 10. HP: 74/94 MP: 9/9
  6317 | D:8      | Noticed Maurice
  6354 | D:8      | Killed Maurice
  6498 | D:8      | Identified the +0 robe "Esannonn" {Regen+} (You found it on
                  | level 5 of the Dungeon)
  6789 | D:8      | Found an opulent altar of Gozag.
  6841 | Temple   | Entered the Ecumenical Temple
  6882 | Temple   | Became a worshipper of Warmaster Okawaru
  7073 | D:9      | Reached * piety under Okawaru
  7245 | D:9      | You fall into a shaft and drop 2 floors!
  7277 | D:10     | Entered Level 10 of the Dungeon
  7448 | D:9      | Reached XP level 11. HP: 71/104 MP: 10/10
  7500 | D:9      | Reached ** piety under Okawaru
  7696 | D:10     | Found a staircase to the Orcish Mines.
  7762 | D:10     | Noticed Psyche
  7771 | D:10     | Killed Psyche
  7790 | D:10     | Found an ancient bone altar of Kikubaaqudgha.
  7790 | D:10     | Found a burning altar of Makhleb.
  7791 | D:10     | Found a hide-covered altar of Uskayaw.
  7791 | D:10     | Found a shimmering altar of Xom.
  7883 | D:10     | Killed an unseen horror
  7883 | D:10     | Reached *** piety under Okawaru
  8121 | D:10     | Reached **** piety under Okawaru
  8504 | D:10     | Got a jewelled hand axe
  8621 | D:10     | Killed an unseen horror
  8622 | D:10     | Identified the +6 hand axe of the Final Chapter {elec, rF+
                  | Stlth+} (You found it on level 10 of the Dungeon)
  8640 | D:10     | Found a bloodstained altar of Trog.
  8691 | D:10     | Noticed Erica
  8725 | D:10     | Killed Erica
  8727 | D:10     | Reached skill level 10 in Armour
  8759 | D:10     | Reached ***** piety under Okawaru
  9209 | D:11     | Found a staircase to the Lair.
  9209 | D:11     | Noticed a death yak
  9211 | D:11     | Noticed a death yak
  9211 | D:11     | Noticed a death yak
  9220 | D:11     | Killed a death yak
  9230 | D:11     | Killed a death yak
  9230 | D:11     | Received a gift from Okawaru
  9230 | D:11     | Reached skill level 10 in Axes
  9230 | D:11     | Reached XP level 12. HP: 72/116 MP: 11/11
  9231 | D:11     | Found the +8 mithril axe "Arga" {speed, MR+}
  9248 | D:11     | Killed a death yak
 10225 | D:12     | Reached skill level 1 in Invocations
 10284 | D:12     | Received a gift from Okawaru
 10287 | D:12     | Got a steaming scale mail {god gift}
 10298 | D:12     | Identified the +3 scale mail of Jaadohit {rElec rC+ Int-5}
                  | (Okawaru gifted it to you on level 12 of the Dungeon)
 10298 | D:12     | Lost intelligence.
 10541 | D:12     | Reached ****** piety under Okawaru
 10862 | D:12     | Noticed a four-headed hydra
 10877 | D:12     | Killed a seven-headed hydra
 11177 | Lair:1   | Entered Level 1 of the Lair of Beasts
 11491 | Lair:1   | Reached XP level 13. HP: 125/125 MP: 14/14
 12041 | Lair:2   | Received a gift from Okawaru
 12273 | Lair:2   | Reached skill level 15 in Fighting
 12580 | Lair:2   | Reached skill level 15 in Shields
 12629 | Lair:2   | Noticed Harold
 12644 | Lair:2   | Killed Harold
 13115 | Lair:3   | Found a staircase to the Snake Pit.
 13277 | Lair:3   | Noticed a fire dragon
 13297 | Lair:3   | Killed a fire dragon
 13961 | Lair:4   | Noticed Nergalle
 13973 | Lair:4   | Killed Nergalle
 14014 | Lair:4   | Received a gift from Okawaru
 14140 | Lair:4   | Found a staircase to the Shoals.
 14188 | Lair:4   | Found a dark tunnel.
 14196 | Volcano  | Entered a volcano
 14245 | Volcano  | HP: 6/127 [lindwurm/blast of flame (34)]
 14251 | Volcano  | Killed from afar by a molten gargoyle

Levels and vault maps discovered:
D:1:      lightli_arrival_flooded_house, layout_basic, minmay_shallow_snake_nest
D:2:      layout_basic, first_ration, uniq_sigmund, uniq_natasha
D:3:      layout_loops_cross, lemuel_coloured_pillars_altar, uniq_jessica
D:4:      layout_loops_cross, lemuel_doored_altar, serial_glass,
          glass_columns_a, glass_columns_a, glass_columns_a, glass_columns_c
D:5:      layout_rooms, minmay_temple_entry_glass, serial_bayou,
          serial_bayou_pond_a, serial_bayou_lagoon_a, serial_bayou_shore_b,
          serial_bayou_lake_a, basic_altar, kennysheep_big_empty_room,
          minmay_increasing_density
D:6:      layout_rooms
D:7:      layout_loops_ring, nicolae_ru_sacrificial_ziggurat,
          uniq_crazy_yiuf_cottage
D:8:      layout_basic, kennysheep_mini, roderic_cross_of_infinity,
          hangedman_little_slice_of_home, minivault_23, uniq_grum, uniq_maurice
D:9:      layout_roguey, supply_closet_lemuel
D:10:     minmay_the_grid_octo_tiled_octocenter
          [minmay_the_grid_octo_concentric, minmay_the_grid_octo_shrine,
          minmay_the_grid_octo_focus, minmay_the_grid_octo_toaster,
          minmay_the_grid_octo_prize_star, minmay_the_grid_square_5x5_slash,
          minmay_the_grid_square_5x5_tie, minmay_the_grid_square_5x5_inset,
          minmay_the_grid_square_5x5_inverted_slash], layout_basic, trog_book,
          uniq_psyche, uniq_erica
D:11:     layout_roguey, dpeg_lair_monsters
D:12:     layout_basic
Temple:   dpeg_five_rooms_temple
Lair:1:   layout_loops_ring
Lair:2:   layout_small_grid, uniq_harold
Lair:3:   dragon1_lemuel, layout_regular_city,
          minmay_snake_entry_guardpost_medium, grunt_megastairs_2
Lair:4:   layout_cave_pods, minmay_shoals_entry_lonely_mermaid, enter_volcano_2,
          uniq_kirke, uniq_rupert, uniq_nergalle
Volcano:  volcano_aerie

Skill      XL: |  1  2  3  4  5  6  7  8  9 10 11 12 13 |
---------------+----------------------------------------+-----
Fighting       | 4 5 6 7 9 10 12 13 14 15 | 15.5
Shields        | 4 5 6 7 8 10 12 13 14 15 | 15.4
Armour         | 4 5 6 7 9 10 11 12 | 12.8
Axes           | 3 4 5 6 7 8 10 11 12 | 12.5
Invocations    | 2 4 |  4.4

Action                   |  1- 3 |  4- 6 |  7- 9 | 10-12 | 13-15 || total
-------------------------+-------+-------+-------+-------+-------++-------
Melee: War axe           |    66 |   130 |   141 |       |       ||   337
       Headbutt          |    12 |    17 |    54 |   164 |    55 ||   302
       Hand axe          |       |       |   171 |   538 |       ||   709
       Broad axe         |       |       |       |   225 |   283 ||   508
Invok: Heroism           |       |       |       |     2 |     2 ||     4
  Use: Potion            |     1 |       |     2 |     7 |     2 ||    12
       Scroll            |       |       |       |    13 |     4 ||    17
  Eat: Chunk             |       |     6 |     9 |    11 |     7 ||    33
       Ration            |       |       |     2 |     3 |       ||     5
Armor: Scale mail        |    19 |    61 |    49 |       |       ||   129
       Plate armour      |       |       |    90 |   181 |       ||   271
       Crystal plate arm |       |       |       |    41 |    91 ||   132
       Skin              |       |       |       |     7 |       ||     7
Dodge: Dodged            |    20 |    40 |    66 |    76 |    24 ||   226
Block: Shield            |    38 |    87 |   186 |   430 |   189 ||   930
       Reflection        |       |       |       |     8 |     1 ||     9
